 Dungeon Crawl Stone Soup version 0.26.1-2-gb8aa6d0cf2 (webtiles) character file.

Game seed: 1023483820260064841

266 Allula97 the Skirmisher (level 6, -2/72 HPs)
             Began as a Demonspawn Berserker on Mar 2, 2021.
             Was a Priest of Trog.
             Slain by Menkaure (17 damage)
             ... on level 4 of the Dungeon.
             The game lasted 00:07:44 (3473 turns).

Allula97 the Skirmisher (Demonspawn Berserker)      Turns: 3473, Time: 00:07:45

Health: -2/72      AC:  6    Str: 19    XL:     6   Next: 0%
Magic:  6/6        EV: 12    Int:  8    God:    Trog [***...]
Gold:   275        SH:  0    Dex: 13    Spells: 5/5 levels left

rFire    + . .     SeeInvis .     - Unarmed
rCold    . . .     Faith    .   (no shield)
rNeg     . . .     Spirit   .   s - +0 ring mail (curse)
rPois    .         Reflect  .   i - +0 helmet
rElec    .         Harm     .   d - scarf {shadows}
rCorr    .         Rampage  .   (no gloves)
Will     ++...                  (no boots)
Stlth    ..........             (no amulet)
HPRegen  1.22/turn              (no ring)
MPRegen  0.10/turn              (no ring)

@: berserking (expiring), regenerating (expiring), very quick
A: claws 2, fire resistance 1, powered by death 1
a: Renounce Religion, Berserk, Trog's Hand


You were on level 4 of the Dungeon.
You worshipped Trog.
Trog was most pleased with you.
You visited 1 branch of the dungeon, and saw 4 of its levels.

You collected 275 gold pieces.

Inventory:

Hand Weapons
 a - a +0 falchion
Missiles
 m - 6 curare-tipped darts
Armour
 d - a scarf of shadows (worn)
 f - a +0 chain mail
 i - a +0 helmet (worn)
 s - a cursed +0 ring mail (worn)
Wands
 p - a wand of acid (6)
Scrolls
 b - 3 scrolls of fog {unknown}
 c - a scroll of teleportation {unknown}
 e - 2 scrolls of enchant weapon {unknown}
 h - 2 scrolls of identify {unknown}
 j - 3 scrolls of immolation {unknown}
 k - a scroll of enchant armour {unknown}
 l - 2 scrolls of remove curse {unknown}
 n - a scroll of fear {unknown}
Potions
 g - a potion of curing {unknown}
 o - a potion of heal wounds {unknown}
 q - a potion of attraction {unknown}
 r - 2 potions of degeneration {unknown}


   Skills:
 * Level 3.9 Fighting
 - Level 2.9 Long Blades
 * Level 3.0 Armour
 * Level 2.5 Dodging
 * Level 1.5 Stealth
 * Level 2.9 Unarmed Combat


You had 5 spell levels left.
You didn't know any spells.
Your spell library was empty.

Dungeon Overview and Level Annotations

Branches:
Dungeon (4/15)
 Temple: D:4-7

Altars:
Cheibriados

Annotations:
D:4 Menkaure


Innate Abilities, Weirdness & Mutations

You have very sharp fingernails.
Your flesh is heat resistant. (rF+)
You regenerate a little health from kills.


Message History

You scratch the leopard gecko.
You kill the leopard gecko!
Trog accepts your kill.
You have reached level 6!
Your experience leads to an increase in your attributes!
Increase (S)trength, (I)ntelligence, or (D)exterity?
You feel stronger.
Your demonic ancestry asserts itself...
Your fingernails sharpen.
Menkaure calls on the powers of darkness!
Your body is wracked with pain!
* * * LOW HITPOINT WARNING * * *
You feel a strong urge to attack something.
You feel the effects of Trog's Hand fading.
Menkaure hits you but does no damage.
You claw Menkaure!
Menkaure is heavily damaged.
You scratch Menkaure.
Menkaure is severely damaged.
Menkaure hits you!
You die...

#+##### #.....#
#+######.....#
+......#.....#
#......+.....#
#......#.....#
#....M##.....##
#....@##......#
#.............#
+.............#
#...†.........#
#.....##......#
#.....##......#
####
#......#......#
#...
#......#......#
#...
#......#......#
#...


You could see Menkaure.

Vanquished Creatures
  2 vampire bats (D:3)
  An orc wizard (D:2)
  A hound zombie (D:2)
  3 adders
  An ooze (D:1)
  3 adder skeletons
  An adder zombie (D:2)
  A worm (D:2)
  6 dart slugs (D:1)
  3 leopard geckos
  6 orcs
  14 bats
  5 giant cockroaches
  11 goblins
  4 hobgoblins
  A quokka (D:3)
  5 frilled lizards
  A jackal skeleton (D:3)
  10 kobolds
  A leopard gecko skeleton (D:2)
  A leopard gecko zombie (D:2)
  8 rats
89 creatures vanquished.

Vanquished Creatures (others)
  A withered plant (D:2)
1 creature vanquished.

Grand Total: 90 creatures vanquished

Notes
Turn   | Place    | Note
-------+----------+-------------------------------------------
     0 | D:1      | Allula97 the Demonspawn Berserker began the quest for the
                  | Orb.
     0 | D:1      | Reached XP level 1. HP: 18/18 MP: 1/1
   180 | D:1      | Gained mutation: You have sharp fingernails. [demonic
                  | ancestry]
   180 | D:1      | Reached XP level 2. HP: 24/24 MP: 2/2
   602 | D:1      | Gained mutation: Your flesh is heat resistant. (rF+)
                  | [demonic ancestry]
   602 | D:1      | Reached XP level 3. HP: 28/29 MP: 3/3
   720 | D:1      | Reached ** piety under Trog
  1428 | D:2      | Reached skill level 1 in Unarmed Combat
  1431 | D:2      | Reached skill level 1 in Stealth
  1431 | D:2      | Reached XP level 4. HP: 35/35 MP: 4/4
  2074 | D:2      | Found a snail-covered altar of Cheibriados.
  2472 | D:2      | Gained mutation: You regenerate a little health from kills.
                  | [demonic ancestry]
  2472 | D:2      | Reached XP level 5. HP: 37/42 MP: 5/5
  2773 | D:3      | Reached *** piety under Trog
  3463 | D:4      | Noticed Menkaure
  3469 | D:4      | Gained mutation: You have very sharp fingernails. [demonic
                  | ancestry]
  3469 | D:4      | Reached XP level 6. HP: 21/48 MP: 6/6
  3473 | D:4      | Slain by Menkaure

Illustrated notes

Levels and vault maps discovered:
D:1:      dpeg_arrival_lava_temple_mockup, layout_basic, columned_hall_lemuel,
          minmay_pentomino_p4
D:2:      layout_loops_corners, cheibriados_altar_1, serial_undead,
          serial_undead_d, serial_undead_f, serial_undead_b, serial_undead_f,
          serial_undead_d, serial_undead_f, serial_undead_c,
          grunt_decor_resistance, kennysheep_cluttered_room
D:3:      minmay_angry_zag, layout_basic, hex_intersection, roderic_batcave
D:4:      layout_gridville, uniq_natasha, uniq_menkaure

Skill      XL: |  1  2  3  4  5 |
---------------+----------------+-----
Dodging        | 2 |  2.5
Armour         | 2 3 |  3.0
Unarmed Combat | 1 2 |  2.9
Stealth        | 1 |  1.5
Fighting       | |  3.9
Long Blades    | |  2.9

Action                   |  1- 3 |  4- 6 || total
-------------------------+-------+-------++-------
Melee: Falchion          |     9 |       ||     9
       Unarmed           |   137 |   229 ||   366
       Punch             |       |     2 ||     2
Invok: Berserk           |     2 |     5 ||     7
       Trog's Hand       |       |     1 ||     1
 Stab: Sleeping          |     1 |       ||     1
Armor: Chain mail        |    86 |   189 ||   275
       Animal skin       |     4 |       ||     4
       Ring mail         |       |     3 ||     3
Dodge: Dodged            |    74 |   123 ||   197
       Rpst.: Falchion   |     1 |       ||     1
